 Dungeon Crawl Stone Soup version 0.29-a0-1016-g236c7fd91e (webtiles) character file.

Game seed: 7772830696692979515

18 ytrimaz the Shield-Bearer (level 2, -3/22 (24) HPs)
             Began as a Formicid Fighter on Aug 9, 2022.
             Slain by a worm (9 damage)
             ... on level 2 of the Dungeon.
             The game lasted 00:00:52 (594 turns).

ytrimaz the Shield-Bearer (Formicid Fighter)         Turns: 594, Time: 00:00:53

HP:   -3/22 (24)    AC:  6    Str: 20    XL:     2   Next: 85%
MP:   2/2           EV:  9    Int:  7    God:
Gold: 32            SH:  5    Dex: 13    Spells: 1/1 levels left

rFire   . . .      SeeInvis +   a - +0 war axe
rCold   . . .      Faith    .   c - +0 buckler
rNeg    . . .      Spirit   .   b - +0 scale mail
rPois   .          Reflect  .   (helmet unavailable)
rElec   .          Harm     .   (no cloak)
rCorr   .          Rampage  .   (no gloves)
Will    .....                   (no boots)
Stlth   ..........              (no amulet)
HPRegen 0.07/turn               (no ring)
MPRegen 0.08/turn               (no ring)

@: drained
A: permanent stasis, dig shafts and tunnels, antennae 3, four strong arms
a: Dig, Shaft Self


You were on level 2 of the Dungeon.
You visited 1 branch of the dungeon, and saw 2 of its levels.

You collected 32 gold pieces.

Inventory:

Hand Weapons
 a - a +0 war axe (weapon)
Missiles
 j - 4 boomerangs
Armour
 b - a +0 scale mail (worn)
 c - a +0 buckler (worn)
 f - a +2 kite shield
Scrolls
 g - a scroll of vulnerability {unknown}
 i - a scroll of identify {unknown}
Potions
 d - a potion of might
 e - a potion of curing {unknown}
 h - a potion of heal wounds {unknown}


   Skills:
 - Level 3.2 Fighting
 * Level 3.1 Axes
 - Level 3.2 Armour
 - Level 4.0 Shields


You had one spell level left.
You didn't know any spells.
Your spell library was empty.

Dungeon Overview and Level Annotations

Branches:
Dungeon (2/15)

Altars:


Innate Abilities, Weirdness & Mutations

You cannot be hasted, slowed, berserked, paralysed or teleported.
You can dig through walls and to a lower floor.
You have a pair of large antennae on your head. (SInv)
Your four strong arms can wield two-handed weapons with a shield.


Message History

You slide downwards.
The hatch slams shut behind you.
A worm is nearby!
A worm is nearby!
A bat comes into view.
Found a fizzy red potion.
The bat hits you but does no damage.
You barely miss the bat. The bat hits you but does no damage.
You block the bat's attack.
You hit the worm.
The worm is moderately wounded.
The bat barely misses you. The bat hits you but does no damage.
The worm completely misses you.
You hit the worm but do no damage.
The worm is moderately wounded.
You closely miss the bat. The bat barely misses you.
You block the bat's attack. The worm bites you!
You hit the worm.
The worm is moderately wounded.
You closely miss the bat. The bat barely misses you.
You block the bat's attack. The worm completely misses you.
You hit the worm.
The worm is moderately wounded.
The bat hits you but does no damage. The worm bites you.
You slash the worm!
The worm is severely wounded.
You barely miss the bat. The bat hits you but does no damage.
A bat comes into view.
The bat hits you.
* * * LOW HITPOINT WARNING * * *
The bat barely misses you. You block the worm's attack.
You hit the worm but do no damage.
The worm is severely wounded.
The bat completely misses you.
You hit the worm but do no damage.
The worm is severely wounded.
You completely miss the bat. You hit the bat.
You kill the bat!
The bat barely misses you. The bat hits you but does no damage.
The worm bites you!
You die...

############
...........#
...........#
...........#
...........#
......w@...#
........b..#
..!........#
...........#
.............
###.##########
#. #


You could see a worm and a bat.

Vanquished Creatures
  A dart slug (D:1)
  4 bats
  3 hobgoblins (D:1)
  2 ball pythons (D:1)
  2 frilled lizards (D:1)
  2 goblins (D:1)
  2 kobolds (D:1)
  A rat (D:1)
17 creatures vanquished.

Notes
Turn   | Place    | Note
-------+----------+-------------------------------------------
     0 | D:1      | ytrimaz the Formicid Fighter began the quest for the Orb.
     0 | D:1      | Reached XP level 1. HP: 18/18 MP: 1/1
   122 | D:1      | Reached XP level 2. HP: 22/24 MP: 2/2
   594 | D:2      | Slain by a worm

Illustrated notes

Levels and vault maps discovered:
D:1:      eino_arrival_water_star, layout_basic, st_stairs_7
D:2:      layout_basic, minmay_pentomino_v2, uniq_natasha

Skill      XL: |  1  2 |
---------------+-------+-----
Axes           | 3 |  3.1
Fighting       | |  3.2
Armour         | |  3.2
Shields        | |  4.0

Action                   || total
-------------------------++-------
Melee: War axe           ||    44
 Abil: Dig               ||     1
Armor: Scale mail        ||    33
Dodge: Dodged            ||    19
Block: Buckler           ||    16

Table legend: (Time is in decaauts)
 A = Elapsed time spent in this place.
 B = Non-inter-level travel time spent in this place.
 C = Inter-level travel time spent in this place.
 D = Time resting spent in this place.
 E = Time spent auto-exploring this place.
 F = Levels seen in this place.
 G = Mean time per level.
                   A        B        C        D        E       F      G
               +--------+--------+--------+--------+--------+-----+--------+
         Total |    613 |    589 |     24 |      0 |    430 |   2 |  306.5 |
       Dungeon |    613 |    589 |     24 |      0 |    430 |   2 |  306.5 |
               +--------+--------+--------+--------+--------+-----+--------+

Top non-repeatable levels by time:
     D:1: 599 daAuts
     D:2: 13 daAuts
